AoeStats
← Ohh Madison :P

Arabia

510394214Analyzed
3v3 RM · 15h ago on Sep 30, 2026· 43m 11s· 6 players
Game mode
Random Map
Map size
Normal (6 player)
Population
200
Speed
Normal
Resources
Standard
Victory
Conquest
Starting age
Dark Age
Ending age
Imperial Age
RankedLock teamsTeams togetherTeam positionsShared explorationLock speedFull tech treeHidden civsTurbo modeCheats
Victory
Defeat
🇩🇪 Berbers · Germany
1190
+13
🇩🇪 Romans · Germany
1172
+13
🇩🇪 Maya · Germany
1110
+15
🇩🇪 Teutons · Germany
1120
-14
🇨🇿 Khmer · Czechia
1115
-14
🇪🇸 Byzantines · Spain
1097
-13
Tomminger
10:08 Feudal Age
12:15 Double-Bit Axe
11:57 Man-at-Arms
13:40 Loom
21:04 Scale Mail Armor
25:01 Fletching
32:15 Horse Collar
38:44 Castle Age
38:16 Bloodlines
40:36 Forging
40:32 Scale Barding Armor
tarariketevi
6:57 Loom
10:05 Feudal Age
11:20 Double-Bit Axe
16:03 Fletching
16:43 Padded Archer Armor
19:01 Horse Collar
24:35 Castle Age
23:04 Gold Mining
23:04 Stone Mining
24:36 Crossbowman
25:16 Bodkin Arrow
25:44 Pikeman
27:25 Ballistics
29:21 Elite Skirmisher
30:07 Thumb Ring
35:02 Squires
39:22 Imperial Age
37:51 Forging
40:04 Leather Archer Armor
39:25 Arbalester
42:12 Chemistry
Kovboj
11:08 Feudal Age
10:57 Loom
19:05 Castle Age
17:40 Bloodlines
18:23 Scale Barding Armor
18:43 Forging
18:18 Horse Collar
18:27 Double-Bit Axe
20:18 Gold Mining
20:33 Heavy Plow
22:47 Chain Barding Armor
26:23 Wheelbarrow
30:27 Husbandry
31:52 Iron Casting
32:19 Fletching
36:49 Imperial Age
34:37 Hand Cart
37:13 Bodkin Arrow
36:54 Cavalier
38:11 Plate Barding Armor
40:02 Blast Furnace
40:21 Stone Mining
Kampfschafadmiral
10:00 Feudal Age
10:07 Man-at-Arms
11:48 Scale Mail Armor
13:51 Double-Bit Axe
16:51 Horse Collar
22:06 Castle Age
20:12 Gold Mining
22:49 Long Swordsman
24:27 Chain Mail Armor
25:26 Bow Saw
31:53 Ballistics
34:00 Forging
34:32 Stone Mining
34:45 Heavy Plow
35:08 Pikeman
37:55 Squires
39:42 Iron Casting
41:41 Imperial Age
42:08 Halberdier
Ohh Madison :P
9:32 Feudal Age
16:36 Castle Age
18:02 Double-Bit Axe
18:02 Horse Collar
18:15 Fletching
18:25 Padded Archer Armor
18:59 Bow Saw
20:49 Heavy Plow
22:54 Loom
25:00 Wheelbarrow
24:55 Gold Mining
26:41 Squires
26:40 Bodkin Arrow
29:31 Thumb Ring
29:22 Elite Skirmisher
30:33 Leather Archer Armor
35:28 Imperial Age
36:37 Hand Cart
36:49 Bracer
37:21 Ballistics
39:42 Elite Plumed Archer
41:29 Ring Archer Armor
DS
10:57 Feudal Age
17:02 Castle Age
15:21 Double-Bit Axe
16:01 Horse Collar
16:52 Scale Barding Armor
18:19 Forging
18:50 Bloodlines
20:08 Husbandry
22:11 Chain Barding Armor
23:24 Iron Casting
28:51 Fletching
34:38 Bow Saw
34:53 Heavy Plow
38:47 Wheelbarrow
40:38 Loom
44:57 Imperial Age
42:43 Padded Archer Armor
Connection lost

Rejoining the realm…

Still unreachable

The connection could not be restored.

Session expired

The server has moved on; the page needs a fresh start.